 Seeded DCSS version 0.30.1-11-g7821555f0a (webtiles) character file.

Game seed: 3208321016645159708 (custom seed)

4330 fireball365 the Cleaver (level 10, 0/86 HPs)
             Began as a Hill Orc Fighter on Dec 7, 2023.
             Was an Initiate of Gozag.
             Killed from afar by a deep elf pyromancer (2 damage)
             ... with a sticky flame
             ... on level 8 of the Dungeon.
             The game lasted 00:18:55 (8681 turns).

fireball365 the Cleaver (Hill Orc Fighter)          Turns: 8681, Time: 00:18:58

Health: 0/86       AC: 18    Str: 30    XL:     10   Next: 33%
Magic:  10/10      EV: 10    Int: 10    God:    Gozag
Gold:   718        SH: 11    Dex: 15    Spells: 9/9 levels left

rFire   . . .        a - +0 war axe
rCold   x . .        c - +0 buckler
rNeg    . . .        m - +3 chain mail of the Onion {Stlth+}
rPois   +            E - +0 helmet
rElec   .            y - +0 cloak {rPois}
rCorr   +            C - +0 pair of gloves
SInv    .            (no boots)
Will    .....        A - amulet of reflection Stlth
                     q - ring "Rishoaj" {rC- rCorr Str+2 Int+3}
HPRegen 0.34/turn    H - +6 ring of dexterity
MPRegen 0.12/turn

%: reflection
@: on fire, about to teleport, glowing, studying Shields
A: claws 1, hooves 1, strong 1
a: Renounce Religion, Potion Petition, Call Merchant, Bribe Branch


You were on level 8 of the Dungeon.
You worshipped Gozag.
Gozag was pleased with you.
You visited 2 branches of the dungeon, and saw 9 of its levels.
You also visited: Sewer.

You collected 1120 gold pieces.
You spent 324 gold pieces at shops.
You paid 78 gold pieces to Gozag.

Inventory:

Hand Weapons
 a - a +0 war axe (weapon)
 F - a +3 battleaxe of freezing
Armour
 c - a +0 buckler (worn)
 m - the +3 chain mail of the Onion (worn) {Stlth+}
   (You found it on level 2 of the Dungeon)

   Stlth:     It makes you more stealthy.
 y - a +0 cloak of poison resistance (worn)
 C - a +0 pair of gloves (worn)
 E - a +0 helmet (worn)
Jewellery
 k - a ring of positive energy
 q - the ring "Rishoaj" (left hand) {rC- rCorr Str+2 Int+3}
   (You found it on level 3 of the Dungeon)

   [ring of resist corrosion]

   Str:       It affects your strength (+2).
   Int:       It affects your intelligence (+3).
   rC:        It makes you vulnerable to cold.
   rCorr:     It protects you from acid and corrosion.
 A - an amulet of reflection (around neck)
 H - a +6 ring of dexterity (right hand)
 L - an amulet of the acrobat
Wands
 j - a wand of flame (5)
 K - a wand of roots (10)
Scrolls
 b - 2 scrolls of blinking
 f - 2 scrolls of poison
 g - 2 scrolls of immolation
 i - 2 scrolls of noise {unknown}
 o - 4 scrolls of silence
 t - 3 scrolls of teleportation
 u - 3 scrolls of enchant armour
 x - 2 scrolls of fear {unknown}
 B - a scroll of vulnerability {unknown}
 G - 2 scrolls of summoning {unknown}
 I - a scroll of torment {unknown}
 J - a scroll of amnesia {unknown}
Potions
 d - 3 potions of might
 e - a potion of resistance
 h - 3 potions of haste
 l - 3 potions of mutation
 n - a potion of lignification {unknown}
 p - 3 potions of brilliance
 r - a potion of degeneration {unknown}
 s - 5 potions of magic
 v - 2 potions of flight {unknown}
 w - 5 potions of curing
 z - a potion of heal wounds
 D - 3 potions of ambrosia {unknown}


   Skills:
 + Level 7.1 Fighting
 + Level 12.7 Axes
 + Level 8.7 Armour
 + Level 2.1 Dodging
 + Level 0.5 Stealth
 + Level 9.0 Shields
 + Level 1.9 Evocations


You had 9 spell levels left.
You didn't know any spells.
Your spell library contained the following spells:

 Spells                   Type           Power      Damage    Failure   Level
 Kiss of Death            Conj/Necr      0%         2d5       82%         1
 Slow                     Hex            0%         N/A       82%         1
 Confusing Touch          Hex            0%         N/A       99%         3
 Vampiric Draining        Necr           0%         2d6       99%         3
 Iskenderun's Mystic Bla  Conj/Tloc      0%         2d3       100%        4
 Petrify                  Tmut/Erth      0%         N/A       100%        4
 Arcjolt                  Conj/Air       0%         1d10      100%        5
 Metabolic Englaciation   Hex/Ice        0%         N/A       100%        5
 Statue Form              Tmut/Erth      0%         N/A       100%        6
 Borgnjor's Revivificati  Necr           0%         N/A       100%        8
 Necromutation            Tmut/Necr      0%         N/A       100%        8
 Death's Door             Necr           0%         N/A       100%        9


Dungeon Overview and Level Annotations

Branches:
Dungeon (8/15)             Temple (1/1) D:5            Lair (0/5) D:8
  Sewer (visited)

Altars:
Ashenzari
Cheibriados
Dithmenos
Elyvilon
Fedhas
Gozag
Hepliaklqana
Kikubaaqudgha
Makhleb
Nemelex Xobeh
Okawaru
Qazlal
Ru
Sif Muna
Trog
Uskayaw
Vehumet
Wu Jian
Xom
Zin

Shops:
D:1 *


Innate Abilities, Weirdness & Mutations

You have sharp fingernails.
You have large cloven feet.
Your muscles are strong. (Str +4, Int/Dex -1)


Message History

The fire elemental disappears in a puff of smoke!
You slash the orc warrior! You hit the fire elemental.
The fire elemental hits you. The fire elemental burns you!
* * * LOW HITPOINT WARNING * * *
You feel much better. You block the fire elemental's attack.
The orc warrior hits you with a +0 war axe!
The deep elf pyromancer hits you but does no damage.
The fire elemental barely misses you. You block the fire elemental's attack.
As you read the scroll labelled UCHUGU QITUMN, it crumbles to dust.
You feel strangely unstable.
It was a scroll of teleportation.
A nearby plant withers and dies.
You block the fire elemental's attack.
The orc warrior hits you with a +0 war axe!
* * * LOW HITPOINT WARNING * * *
The deep elf pyromancer hits you but does no damage.
The fire elemental hits you. The fire elemental burns you!
* * * LOW HITPOINT WARNING * * *
The fire elemental hits you. The fire elemental burns you!
* * * LOW HITPOINT WARNING * * *
You feel better. You block the orc warrior's attack.
The deep elf pyromancer hits you but does no damage.
You block the fire elemental's attack. x2
You hit the orc warrior but do no damage.
Your kick misses the orc warrior.
The orc warrior is severely wounded.
You barely miss the fire elemental.
You barely miss the deep elf pyromancer.
You hit the fire elemental. The fire elemental barely misses you.
The orc warrior hits you with a +0 war axe!
* * * LOW HITPOINT WARNING * * *
You block the deep elf pyromancer's attack.
The fire elemental barely misses you.
You feel better. The fire elemental hits you. The fire elemental burns you!
* * * LOW HITPOINT WARNING * * *
The orc warrior hits you with a +0 war axe.
* * * LOW HITPOINT WARNING * * *
The deep elf pyromancer points at you and mumbles some strange words.
The sticky flame hits you.
You are covered in liquid flames!
You die...
Your body crumbles into a pile of gold.

##○....... ######'#
##.......# ###......#
####........#
.##.##########...........#
.##)# (...P.PP.PP....°# )##)#
#............#### .##)#
##..PP.°...P....... ..#)#
#PPPP.eEEh..P....... #..)#
+#P....#@##...P......
##..###....PP..#o$#..........
##.)...........#.>#...P.....
.....#.......P.####..P.......
.....# ..#...........P..#....
.....######..PPP.......##...<
###....(# #...P............#
#####.####...........#.....
###..#####....P..#.#.#.#.


You could see a deep elf pyromancer, 2 fire elementals, an orc warrior and a
black bear.

Vanquished Creatures
  Prince Ribbit (D:5)
  Grinder (D:4)
  A wyvern (D:7)
  Edmund (D:4)
  4 water moccasins
  Duvessa (D:6)
  A black bear (D:5)
  2 orc warriors
  3 ice beasts
  3 sky beasts
  2 centaurs
  2 ogres
  4 kobold brigands
  3 bullfrogs
  Blork the orc (D:4)
  3 scorpions
  3 wights (D:6)
  5 killer bees (D:7)
  Dowan (D:6)
  6 orc priests
  Crazy Yiuf (D:4)
  A jelly (D:7)
  4 hounds
  Terence (D:2)
  Jessica (D:2)
  3 sleepcaps
  2 iguanas
  5 orc wizards
  6 adders
  4 shadow imps
  A white imp (D:6)
  The ghost of comborobin the Sneak, a weakling TeDe (D:7)
  A dart slug (D:1)
  28 orcs
  5 ball pythons
  7 bats
  7 endoplasms
  9 giant cockroaches
  6 goblins
  9 hobgoblins
  3 jackals (Sewer)
  27 kobolds
  5 quokkas
  A frilled lizard (D:1)
  4 rats
190 creatures vanquished.

Vanquished Creatures (others)
  A kobold (D:6)
1 creature vanquished.

Grand Total: 191 creatures vanquished

Notes
Turn   | Place    | Note
-------+----------+-------------------------------------------
     0 | D:1      | fireball365 the Hill Orc Fighter began the quest for the
                  | Orb.
     0 | D:1      | Reached XP level 1. HP: 19/19 MP: 1/1
    22 | D:1      | Found Ninek's General Store.
   135 | D:1      | Reached XP level 2. HP: 26/27 MP: 2/2
   323 | D:1      | Reached skill level 3 in Axes
   499 | D:1      | Reached XP level 3. HP: 25/33 MP: 3/3
   863 | D:1      | Bought a scroll of identify for 26 gold pieces
   963 | D:2      | Noticed Jessica
   990 | D:2      | Killed Jessica
   991 | D:2      | Reached XP level 4. HP: 8/40 MP: 4/4
  1429 | D:2      | Identified the +3 chain mail of the Onion {Stlth+}
  1464 | D:2      | Gained mutation: You have hidden genetic potential. [potion
                  | of mutation]
  1464 | D:2      | Gained mutation: You have sharp fingernails. [potion of
                  | mutation]
  1514 | D:2      | Noticed Terence
  1522 | D:2      | Killed Terence
  1523 | D:2      | Reached skill level 4 in Axes
  1924 | D:1      | Bought a scroll of identify for 26 gold pieces
  1924 | D:1      | Bought a scroll of identify for 26 gold pieces
  2268 | D:3      | Identified the ring "Rishoaj" {rC- rCorr Str+2 Int+3}
  3168 | D:4      | Reached XP level 5. HP: 46/46 MP: 5/5
  3190 | D:3      | Gained mutation: You have large cloven feet. [hidden
                  | potential]
  3324 | D:4      | Reached skill level 5 in Axes
  3342 | D:4      | Noticed Edmund
  3351 | D:4      | Reached XP level 6. HP: 38/53 MP: 6/6
  3360 | D:4      | Killed Edmund
  3360 | D:4      | Gained mutation: Your muscles are strong. (Str +4, Int/Dex
                  | -1) [hidden potential]
  3360 | D:4      | Lost mutation: You have hidden genetic potential. [hidden
                  | potential expressed]
  3361 | D:4      | Reached skill level 6 in Axes
  3361 | D:4      | Reached skill level 1 in Dodging
  3637 | D:4      | Found a shimmering blue altar of Sif Muna.
  3681 | D:4      | Got the Discourse on Forces
  3739 | D:4      | Noticed Blork the orc
  3750 | D:4      | Killed Blork the orc
  3751 | D:4      | Reached skill level 5 in Armour
  3751 | D:4      | Reached XP level 7. HP: 58/60 MP: 7/7
  3759 | D:4      | Noticed Grinder
  3798 | D:4      | Paralysed by Grinder for 5 turns
  3828 | D:4      | Killed Grinder
  3829 | D:4      | Reached skill level 5 in Fighting
  3829 | D:4      | Reached skill level 7 in Axes
  4024 | D:4      | Found a runed translucent door.
  4025 | D:4      | Noticed Crazy Yiuf
  4172 | D:4      | Killed Crazy Yiuf
  4489 | D:1      | Bought a scroll of blinking for 97 gold pieces
  4544 | D:5      | Entered Level 5 of the Dungeon
  4691 | D:5      | Found a staircase to the Ecumenical Temple.
  4694 | D:5      | Noticed Prince Ribbit
  4700 | Temple   | Entered the Ecumenical Temple
  4768 | D:5      | Killed Prince Ribbit
  4769 | D:5      | Reached skill level 8 in Axes
  4769 | D:5      | Reached skill level 5 in Shields
  4769 | D:5      | Reached skill level 1 in Evocations
  4769 | D:5      | Reached XP level 8. HP: 34/69 MP: 8/8
  5640 | D:5      | Found a snail-covered altar of Cheibriados.
  5640 | D:5      | Found a hide-covered altar of Uskayaw.
  5669 | D:5      | Identified the +0 leather armour of Impermeability {-Tele
                  | rF+ Str+2}
  5808 | Temple   | Became a worshipper of Gozag Ym Sagoz the Greedy
  5890 | D:6      | Found a stormy altar of Qazlal.
  5948 | D:6      | Reached skill level 9 in Axes
  5998 | D:6      | Reached XP level 9. HP: 55/75 MP: 9/9
  6013 | D:6      | Found a glowing drain.
  6038 | Sewer    | Entered a sewer
  6138 | Sewer    | Identified the +1 sling of the Stained God {heavy, Drain
                  | rF++ rN+ MP+9}
  6203 | D:6      | Reached skill level 10 in Axes
  6564 | D:6      | Noticed Duvessa
  6567 | D:6      | Noticed Dowan
  6574 | D:6      | Killed Duvessa
  6577 | D:6      | Killed Dowan
  6794 | D:6      | Reached skill level 11 in Axes
  7167 | D:1      | Bought a scroll of enchant armour for 97 gold pieces
  7167 | D:1      | Bought a scroll of immolation for 52 gold pieces
  7507 | D:7      | Reached skill level 12 in Axes
  7507 | D:7      | Reached XP level 10. HP: 38/84 MP: 10/10
  7719 | D:7      | Noticed comborobin's ghost (weakling TeDe)
  7723 | D:7      | Found a runed translucent gate.
  7723 | D:7      | Found a runed translucent gate.
  7723 | D:7      | Found a runed translucent gate.
  7865 | D:7      | Found a broken altar of Ashenzari.
  8040 | D:7      | Killed comborobin's ghost
  8417 | D:8      | Found a sacrificial altar of Ru.
  8663 | D:8      | Noticed a deep elf pyromancer
  8669 | D:8      | Found a staircase to the Lair.
  8680 | D:8      | HP: 3/86 [orc warrior/+0 war axe (12)]
  8681 | D:8      | Killed from afar by a deep elf pyromancer

Illustrated notes

Levels and vault maps discovered:
D:1:      scummos_arrival_forest, layout_basic, serial_shops,
          nicolae_shop_just_a_little_nook, minmay_tromino_v4_c
D:2:      layout_basic, uniq_terence, uniq_jessica
D:3:      layout_basic, serial_bayou, serial_bayou_shore_b, serial_bayou_ford_a,
          serial_bayou_crossing, serial_bayou_shore_b, fountainhead
D:4:      layout_rooms, mainiacjoe_overflow_tiny_flanked, uniq_grinder,
          uniq_crazy_yiuf_cottage, uniq_blork_the_orc, uniq_edmund
D:5:      layout_loops_ring, gammafunk_temple_overflow_pools,
          minmay_temple_entry_crystal_x, uniq_prince_ribbit1
D:6:      layout_basic, grunt_qazlal_sundering, gup_sewer_entry_pipe,
          uniq_duvessa
D:7:      layout_basic, ashenzari_altar_1, gammafunk_ghost_split
D:8:      layout_basic, kennysheep_little_box, grunt_lair_entry_orc_guard_hut
Temple:   eino_temple_lava

Skill      XL: |  1  2  3  4  5  6  7  8  9 10 |
---------------+-------------------------------+-----
Axes           | 3 4 5 6 8 9 12 | 12.7
Fighting       | 4 5 6 7 |  7.1
Armour         | 4 5 6 7 8 |  8.7
Shields        | 4 5 6 8 9 |  9.0
Dodging        | 1 2 |  2.1
Evocations     | 1 |  1.9
Stealth        | |  0.5

Action                     |  1- 3 |  4- 6 |  7- 9 | 10-12 || total
---------------------------+-------+-------+-------+-------++-------
  Melee: War axe           |    90 |   115 |   339 |   139 ||   683
         Kick              |       |    11 |    86 |    44 ||   141
  Evoke: Wand              |       |       |    10 |       ||    10
    Use: Scroll            |     3 |     4 |     1 |     4 ||    12
         Potion            |       |     1 |       |     3 ||     4
   Stab: Distracted        |       |       |       |     1 ||     1
 Armour: Scale mail        |   144 |    12 |       |       ||   156
         Chain mail        |       |    43 |   155 |    54 ||   252
  Dodge: Dodged            |   114 |    61 |   118 |    31 ||   324
  Block: Buckler           |    52 |    19 |   122 |    73 ||   266
         Reflection        |       |       |     3 |     7 ||    10
